AoeStats
← Kanyaga

Arabia

509217094Analyzed
1v1 RM · 7d ago on Sep 25, 2026· 54m 0s· 2 players
Game mode
Random Map
Map size
Tiny (2 player)
Population
200
Speed
Normal
Resources
Standard
Victory
Conquest
Starting age
Dark Age
Ending age
Imperial Age
RankedLock teamsTeams togetherTeam positionsShared explorationLock speedFull tech treeHidden civsTurbo modeCheats
Victory
Defeat
🇻🇪 Mongols · Venezuela
1544
+19
🇹🇷 Celts · Türkiye
1607
-19
Ulfrid Storm
2:09 Loom
9:17 Feudal Age
11:31 Double-Bit Axe
11:42 Town Watch
14:58 Fletching
22:13 Castle Age
21:08 Bloodlines
20:55 Horse Collar
21:31 Forging
24:55 Wheelbarrow
26:12 Husbandry
29:06 Bodkin Arrow
31:55 Ballistics
31:53 Padded Archer Armor
33:53 Hand Cart
36:22 Scale Barding Armor
45:06 Murder Holes
45:19 Light Cavalry
46:22 Chain Barding Armor
46:42 Heavy Plow
56:25 Imperial Age
Kanyaga
12:49 Feudal Age
11:29 Loom
13:10 Man-at-Arms
13:57 Double-Bit Axe
16:54 Padded Archer Armor
17:58 Arson
18:07 Fletching
18:37 Scale Mail Armor
19:45 Wheelbarrow
23:02 Castle Age
23:11 Forging
23:18 Pikeman
25:51 Chain Mail Armor
29:26 Arson
30:10 Town Watch
31:07 Elite Skirmisher
33:52 Ballistics
35:02 Bodkin Arrow
37:39 Town Patrol
Connection lost

Rejoining the realm…

Still unreachable

The connection could not be restored.

Session expired

The server has moved on; the page needs a fresh start.